[ AOE2 MATCH · #458060985 ]
UnrankedVikings vs Japanese
[ REPLAY ANALYSIS · EXTRACTED FROM THE RECORDED GAME ]
Feudal
11:20
Castle
20:02
Imperial
36:25
| APM avg | 29.0 |
| APM peak | 98 |
| eAPM avg | 20.6 |
| Villagers / military | 88 / 516 |
Focus
⚔️ 54.5% · 🌾 45.5%
Berserk ×218 · Skirmisher ×211 · Militia ×40 · Fire Galley ×29 · Trebuchet (Packed) ×7 · Fishing Ship ×6
Feudal
12:41
Castle
22:56
Imperial
35:34
| APM avg | 11.5 |
| APM peak | 26 |
| eAPM avg | 8.1 |
| Villagers / military | 77 / 254 |
Focus
⚔️ 40.0% · 🌾 60.0%
Samurai ×215 · Skirmisher ×25 · Trebuchet (Packed) ×10 · Fishing Ship ×3 · Battering Ram ×3 · Transport Ship ×1
Feudal
10:36
Castle
24:44
Imperial
42:51
| APM avg | 13.6 |
| APM peak | 26 |
| eAPM avg | 9.6 |
| Villagers / military | 52 / 259 |
Focus
⚔️ 46.0% · 🌾 54.0%
Samurai ×157 · Fire Galley ×27 · Galley ×26 · Trade Cog ×26 · Unknown (2626) ×23 · Fishing Ship ×22
Feudal
11:29
Castle
23:02
Imperial
36:54
| APM avg | 15.8 |
| APM peak | 44 |
| eAPM avg | 11.9 |
| Villagers / military | 150 / 311 |
Focus
⚔️ 30.3% · 🌾 69.7%
Mangudai ×124 · Scorpion ×75 · Mangonel ×37 · Battering Ram ×29 · Fishing Ship ×25 · Militia ×15
Feudal
16:25
Castle
21:25
Imperial
33:26
| APM avg | 15.0 |
| APM peak | 64 |
| eAPM avg | 7.1 |
| Villagers / military | 80 / 97 |
Focus
⚔️ 33.5% · 🌾 66.5%
Fire Galley ×49 · Fishing Ship ×29 · Galley ×17 · Cannon Galleon ×16 · Trade Cog ×5 · Scout Cavalry ×5
Feudal
12:16
Castle
25:39
Imperial
40:10
| APM avg | 14.3 |
| APM peak | 46 |
| eAPM avg | 8.3 |
| Villagers / military | 76 / 192 |
Focus
⚔️ 52.7% · 🌾 47.3%
Skirmisher ×76 · Hand Cannoneer ×49 · Teutonic Knight ×39 · Trade Cog ×17 · Fire Galley ×13 · Galley ×7
Match map
Initial resources + every placement click. Lines = walls · curves = elevation contours. ◆ gold · ⬟ stone · ● berries · ✦ relic · ◌ wall gap
Your base· ✓ Map-separated
The Lions Brood's base· ✓ Map-separated
dark fader's base· ✓ Map-separated
OhhWaaza's base· ✓ Map-separated
egin38's base· ✓ Map-separated
CanallaVillano's base· ✓ Map-separated
Smoothed initial terrain · ◌ = detected wall gap · hover for details
Inputs per minute
— DULERTREE - - The Lions Brood
Build order — DULERTREE
First 150 of 751 actions detected
| 0:01 | Create | Villager (Male) |
| 0:02 | Create | Villager (Male) |
| 0:04 | Build | House |
| 0:05 | Build | House |
| 0:40 | Create | Villager (Male) |
| 0:55 | Create | Villager (Male) |
| 1:32 | Create | Villager (Male) |
| 2:25 | Create | Villager (Male) |
| 2:53 | Create | Villager (Male) |
| 3:13 | Create | Villager (Male) |
| 3:32 | Create | Villager (Male) |
| 3:50 | Build | House |
| 3:52 | Build | House |
| 3:54 | Create | Villager (Male) |
| 4:11 | Create | Villager (Male) |
| 4:37 | Create | Villager (Male) |
| 4:55 | Build | Lumber Camp |
| 5:11 | Create | Villager (Male) |
| 5:26 | Build | Mill |
| 5:49 | Create | Villager (Male) |
| 6:05 | Create | Villager (Male) |
| 6:27 | Create | Villager (Male) |
| 7:05 | Create | Villager (Male) |
| 7:15 | Build | Dock |
| 7:18 | Create | Villager (Male) |
| 7:41 | Create | Villager (Male) |
| 7:53 | Build | House |
| 7:55 | Build | House |
| 8:02 | Create | Villager (Male) |
| 8:24 | Create | Villager (Male) |
| 8:54 | Build | Mining Camp |
| 8:58 | Research | Feudal Age |
| 9:39 | Create | Fishing Ship |
| 9:58 | Build | House |
| 10:01 | Build | House |
| 10:11 | Research | Loom |
| 10:12 | Create | Villager (Male) |
| 10:24 | Create | Fishing Ship |
| 11:09 | Create | Fishing Ship |
| 11:20 | Age | Feudal Age |
| 11:23 | Research | Double-Bit Axe |
| 11:27 | Create | Villager (Male) |
| 11:40 | Build | Farm |
| 11:47 | Build | Farm |
| 11:55 | Create | Fishing Ship |
| 12:21 | Research | Gold Mining |
| 12:24 | Create | Villager (Male) |
| 12:38 | Build | Farm |
| 12:45 | Create | Villager (Male) |
| 12:53 | Build | Farm |
| 13:02 | Build | Lumber Camp |
| 13:09 | Create | Villager (Male) |
| 13:26 | Create | Fire Galley |
| 13:50 | Create | Villager (Male) |
| 13:57 | Create | Villager (Male) |
| 14:22 | Build | Market |
| 14:23 | Create | Villager (Male) |
| 14:31 | Build | Blacksmith |
| 14:37 | Create | Galley |
| 14:46 | Create | Fire Galley |
| 14:50 | Create | Villager (Male) |
| 15:09 | Build | Farm |
| 15:42 | Build | Barracks |
| 15:45 | Build | Farm |
| 15:47 | Create | Villager (Male) |
| 15:58 | Create | Fishing Ship |
| 16:19 | Build | Farm |
| 16:21 | Create | Villager (Male) |
| 16:23 | Create | Villager (Male) |
| 16:28 | Build | Mining Camp |
| 17:22 | Research | Castle Age |
| 17:33 | Create | Fire Galley |
| 17:38 | Create | Fishing Ship |
| 17:59 | Create | Transport Ship |
| 18:00 | Create | Transport Ship |
| 18:10 | Build | House |
| 18:11 | Build | House |
| 18:14 | Build | House |
| 18:22 | Build | Lumber Camp |
| 18:25 | Build | Lumber Camp |
| 18:32 | Research | Man-at-Arms (upgrade) |
| 18:34 | Create | Militia |
| 18:34 | Create | Militia |
| 18:34 | Create | Militia |
| 18:41 | Create | Fire Galley |
| 18:57 | Create | Fire Galley |
| 19:04 | Research | Forging |
| 19:05 | Research | Scale Mail Armor |
| 19:26 | Create | Fire Galley |
| 19:41 | Create | Villager (Male) |
| 19:43 | Create | Villager (Male) |
| 19:49 | Research | Horse Collar |
| 20:00 | Research | Stone Mining |
| 20:02 | Age | Castle Age |
| 20:34 | Create | Fire Galley |
| 20:58 | Research | Bow Saw |
| 21:01 | Research | Heavy Plow |
| 21:04 | Create | Villager (Male) |
| 21:27 | Build | Town Center |
| 21:33 | Create | Villager (Male) |
| 21:37 | Build | Farm |
| 21:48 | Build | Lumber Camp |
| 21:55 | Create | Villager (Male) |
| 22:02 | Create | Fire Galley |
| 22:07 | Research | War Galley (upgrade) |
| 22:32 | Build | Farm |
| 22:35 | Build | Farm |
| 22:45 | Create | Villager (Male) |
| 22:45 | Create | Villager (Male) |
| 22:55 | Create | Villager (Male) |
| 23:20 | Build | House |
| 23:21 | Build | House |
| 23:23 | Build | House |
| 23:25 | Build | House |
| 23:37 | Create | Fire Galley |
| 23:42 | Create | Fire Galley |
| 23:51 | Build | Farm |
| 23:59 | Create | Villager (Male) |
| 23:59 | Create | Villager (Male) |
| 24:07 | Build | Town Center |
| 24:21 | Build | Farm |
| 24:33 | Create | Villager (Male) |
| 25:10 | Build | Castle |
| 25:14 | Create | Villager (Male) |
| 25:15 | Create | Villager (Male) |
| 25:16 | Create | Villager (Male) |
| 25:21 | Build | Farm |
| 25:23 | Build | Farm |
| 25:28 | Research | Iron Casting |
| 25:28 | Research | Chain Mail Armor |
| 25:32 | Create | Fire Galley |
| 25:32 | Create | Fire Galley |
| 25:47 | Build | Monastery |
| 25:55 | Build | University |
| 25:58 | Create | Villager (Male) |
| 25:59 | Create | Villager (Male) |
| 26:00 | Create | Villager (Male) |
| 26:00 | Create | Villager (Male) |
| 26:04 | Build | Farm |
| 26:07 | Build | Farm |
| 26:10 | Build | Lumber Camp |
| 26:16 | Research | Gambesons |
| 26:18 | Research | Long Swordsman (upgrade) |
| 26:26 | Create | Fire Galley |
| 26:26 | Create | Fire Galley |
| 26:26 | Create | Fire Galley |
| 26:27 | Create | Fire Galley |
| 26:27 | Create | Fire Galley |
| 26:46 | Create | Villager (Male) |
| 26:46 | Create | Villager (Male) |
Build order — The Lions Brood
First 150 of 258 actions detected
| 0:06 | Create | Villager (Male) ×4 |
| 0:28 | Build | House |
| 0:35 | Build | House |
| 0:41 | Build | House |
| 1:31 | Build | House |
| 2:06 | Research | Loom |
| 2:27 | Create | Villager (Male) |
| 3:16 | Create | Villager (Male) |
| 3:16 | Create | Villager (Male) |
| 3:56 | Create | Villager (Male) |
| 4:20 | Create | Villager (Male) |
| 4:57 | Create | Villager (Male) ×2 |
| 5:40 | Create | Villager (Male) ×2 |
| 6:08 | Create | Villager (Male) |
| 7:03 | Create | Villager (Male) |
| 7:49 | Build | Dock |
| 8:10 | Create | Villager (Male) |
| 8:10 | Create | Villager (Male) |
| 8:42 | Build | Lumber Camp |
| 8:55 | Build | Mining Camp |
| 9:16 | Create | Fishing Ship |
| 9:16 | Create | Fishing Ship |
| 9:17 | Create | Fishing Ship |
| 9:28 | Create | Transport Ship |
| 10:31 | Research | Feudal Age |
| 12:35 | Create | Villager (Male) |
| 12:37 | Create | Villager (Male) |
| 12:41 | Age | Feudal Age |
| 13:13 | Build | House |
| 13:24 | Build | Stone Wall |
| 14:39 | Build | Lumber Camp |
| 14:49 | Build | Mill |
| 14:56 | Create | Villager (Male) |
| 14:56 | Create | Villager (Male) |
| 14:57 | Create | Villager (Male) |
| 14:57 | Create | Villager (Male) |
| 14:58 | Create | Villager (Male) |
| 15:05 | Build | Stone Wall |
| 15:28 | Build | Mining Camp |
| 16:20 | Build | Stone Wall |
| 16:43 | Build | Stone Wall |
| 16:56 | Build | House |
| 16:59 | Build | House |
| 17:02 | Build | House |
| 17:03 | Build | House |
| 17:29 | Build | House |
| 17:55 | Build | Stone Wall |
| 18:20 | Build | Stone Wall |
| 18:50 | Build | Market |
| 19:03 | Build | Blacksmith |
| 19:44 | Build | Stone Wall |
| 19:51 | Create | Villager (Male) |
| 19:52 | Create | Villager (Male) |
| 19:52 | Create | Villager (Male) |
| 20:13 | Research | Castle Age |
| 21:10 | Build | Farm |
| 21:11 | Build | Farm |
| 21:13 | Build | Farm |
| 21:14 | Build | Farm |
| 21:15 | Build | Farm |
| 21:16 | Build | Farm |
| 21:18 | Build | Farm |
| 21:20 | Build | Farm |
| 22:56 | Age | Castle Age |
| 23:07 | Build | Town Center |
| 23:32 | Create | Villager (Male) ×5 |
| 23:45 | Create | Villager (Male) |
| 23:46 | Create | Villager (Male) |
| 23:47 | Create | Villager (Male) |
| 23:47 | Create | Villager (Male) |
| 24:23 | Build | Farm |
| 24:40 | Build | Farm |
| 24:59 | Research | Town Watch |
| 25:14 | Build | Outpost |
| 25:26 | Build | Farm |
| 25:28 | Build | Farm |
| 25:36 | Research | Town Patrol |
| 25:44 | Create | Villager (Male) ×5 |
| 26:22 | Build | Outpost |
| 26:29 | Build | Farm |
| 26:35 | Build | Farm |
| 26:58 | Create | Villager (Male) |
| 27:09 | Build | Farm |
| 27:42 | Build | Farm |
| 28:01 | Build | Farm |
| 28:16 | Build | Lumber Camp |
| 29:15 | Create | Villager (Male) ×5 |
| 29:47 | Build | Lumber Camp |
| 30:34 | Build | Castle |
| 30:48 | Build | Mining Camp |
| 30:55 | Build | Siege Workshop |
| 31:27 | Build | Farm |
| 31:51 | Build | Farm |
| 31:53 | Create | Samurai ×5 |
| 31:53 | Create | Samurai ×5 |
| 31:54 | Create | Samurai ×5 |
| 31:58 | Create | Battering Ram |
| 31:58 | Create | Battering Ram |
| 31:59 | Create | Battering Ram |
| 32:24 | Research | Imperial Age |
| 32:54 | Build | Farm |
| 32:56 | Build | Farm |
| 33:00 | Build | Farm |
| 33:05 | Build | Farm |
| 33:51 | Create | Samurai |
| 33:52 | Create | Samurai |
| 33:52 | Create | Samurai |
| 34:21 | Research | Scale Mail Armor |
| 34:22 | Research | Forging |
| 34:50 | Build | Mill |
| 34:58 | Create | Samurai ×5 |
| 35:34 | Age | Imperial Age |
| 36:17 | Build | Farm |
| 36:18 | Build | Farm |
| 36:19 | Build | Farm |
| 36:21 | Build | Farm |
| 37:26 | Build | Stone Wall |
| 37:47 | Create | Villager (Male) ×5 |
| 38:22 | Build | Mill |
| 38:24 | Build | Farm |
| 38:28 | Create | Villager (Male) ×5 |
| 38:37 | Build | Castle |
| 38:54 | Research | Kataparuto |
| 38:56 | Research | Conscription |
| 39:05 | Build | Farm |
| 39:11 | Build | Farm |
| 39:19 | Build | Farm |
| 39:29 | Build | Farm |
| 40:21 | Build | Farm |
| 40:27 | Build | Farm |
| 40:40 | Build | Farm |
| 40:49 | Create | Trebuchet (Packed) |
| 40:49 | Create | Samurai ×3 |
| 41:04 | Create | Villager (Male) ×5 |
| 41:16 | Create | Samurai ×3 |
| 41:37 | Create | Samurai ×3 |
| 41:48 | Build | Mining Camp |
| 42:03 | Create | Samurai ×2 |
| 42:22 | Build | Castle |
| 42:45 | Build | Farm |
| 42:46 | Build | Farm |
| 42:56 | Build | Farm |
| 43:03 | Build | Farm |
| 43:09 | Build | Farm |
| 43:17 | Build | Farm |
| 43:30 | Build | Lumber Camp |
| 43:43 | Create | Samurai ×5 |
| 43:51 | Research | Chain Mail Armor |
| 44:19 | Build | University |
| 44:27 | Build | Mining Camp |
Build order — dark fader
First 150 of 385 actions detected
| 0:07 | Create | Villager (Male) |
| 0:07 | Create | Villager (Male) |
| 0:07 | Create | Villager (Male) |
| 0:08 | Create | Villager (Male) |
| 0:15 | Build | House |
| 0:50 | Build | House |
| 1:18 | Create | Villager (Male) |
| 1:45 | Build | House |
| 2:16 | Build | House |
| 2:25 | Create | Villager (Male) |
| 2:45 | Create | Villager (Male) |
| 3:05 | Create | Villager (Male) |
| 3:05 | Create | Villager (Male) |
| 3:54 | Create | Villager (Male) |
| 4:36 | Create | Villager (Male) |
| 4:38 | Create | Villager (Male) |
| 5:11 | Create | Villager (Male) |
| 5:12 | Create | Villager (Male) |
| 5:13 | Create | Villager (Male) |
| 5:54 | Build | Dock |
| 6:08 | Create | Villager (Male) |
| 6:08 | Create | Villager (Male) |
| 7:13 | Create | Villager (Male) |
| 7:32 | Create | Villager (Male) |
| 7:33 | Create | Villager (Male) |
| 7:39 | Build | Lumber Camp |
| 8:26 | Research | Feudal Age |
| 8:27 | Research | Loom |
| 8:56 | Build | Mill |
| 9:11 | Build | Mining Camp |
| 9:34 | Create | Fishing Ship |
| 9:34 | Create | Fishing Ship |
| 9:49 | Build | House |
| 9:50 | Build | House |
| 9:52 | Build | House |
| 10:00 | Build | House |
| 10:29 | Build | House |
| 10:31 | Build | House |
| 10:33 | Build | House |
| 10:34 | Build | House |
| 10:36 | Age | Feudal Age |
| 10:42 | Create | Villager (Male) |
| 10:42 | Create | Villager (Male) |
| 10:43 | Create | Villager (Male) |
| 10:43 | Create | Villager (Male) |
| 10:43 | Create | Villager (Male) |
| 10:53 | Build | Lumber Camp |
| 11:08 | Research | Town Watch |
| 11:09 | Research | Wheelbarrow |
| 11:42 | Research | Double-Bit Axe |
| 12:35 | Research | Tech 906 |
| 12:54 | Research | Horse Collar |
| 13:26 | Create | Villager (Male) |
| 13:29 | Create | Villager (Male) |
| 13:45 | Create | Villager (Male) |
| 14:05 | Create | Villager (Male) |
| 14:22 | Create | Villager (Male) |
| 14:37 | Build | Dock |
| 15:05 | Create | Demolition Raft |
| 15:06 | Create | Demolition Raft |
| 15:06 | Create | Demolition Raft |
| 15:10 | Create | Fishing Ship |
| 15:11 | Create | Fishing Ship |
| 15:11 | Create | Fishing Ship |
| 15:11 | Create | Fishing Ship |
| 15:11 | Create | Fishing Ship |
| 15:33 | Build | Dock |
| 15:41 | Create | Galley |
| 15:42 | Create | Galley |
| 15:47 | Create | Transport Ship |
| 16:06 | Build | Lumber Camp |
| 16:30 | Create | Fishing Ship |
| 16:30 | Create | Fishing Ship |
| 16:31 | Create | Fishing Ship |
| 16:48 | Build | Lumber Camp |
| 16:52 | Create | Villager (Male) |
| 16:52 | Create | Villager (Male) |
| 16:52 | Create | Villager (Male) |
| 16:53 | Create | Villager (Male) |
| 16:53 | Create | Villager (Male) |
| 17:03 | Build | Lumber Camp |
| 17:17 | Create | Galley |
| 17:57 | Create | Fishing Ship |
| 17:57 | Create | Fishing Ship |
| 17:58 | Create | Fishing Ship |
| 17:58 | Create | Fishing Ship |
| 18:01 | Create | Fishing Ship |
| 18:40 | Create | Fishing Ship |
| 18:40 | Create | Fishing Ship |
| 19:05 | Create | Fishing Ship |
| 19:05 | Create | Fishing Ship |
| 19:06 | Create | Fishing Ship |
| 19:06 | Create | Fishing Ship |
| 19:06 | Create | Fishing Ship |
| 20:04 | Create | Fire Galley ×5 |
| 20:07 | Create | Fire Galley |
| 20:10 | Create | Fire Galley |
| 20:10 | Create | Fire Galley |
| 20:12 | Create | Fire Galley |
| 20:12 | Create | Fire Galley |
| 20:33 | Build | Blacksmith |
| 20:38 | Build | Market |
| 21:24 | Build | House |
| 21:28 | Build | House |
| 21:29 | Build | House |
| 21:30 | Build | House |
| 21:31 | Build | House |
| 21:32 | Build | House |
| 21:33 | Build | House |
| 21:37 | Build | House |
| 21:38 | Build | House |
| 21:39 | Build | House |
| 21:41 | Build | House |
| 21:46 | Build | House |
| 22:04 | Research | Castle Age |
| 22:11 | Build | Mining Camp |
| 23:06 | Research | Padded Archer Armor |
| 23:06 | Research | Fletching |
| 23:08 | Research | Forging |
| 23:08 | Research | Scale Mail Armor |
| 23:08 | Research | Scale Barding Armor |
| 24:23 | Research | Gold Mining |
| 24:24 | Research | Stone Mining |
| 24:44 | Age | Castle Age |
| 25:01 | Research | Gillnets |
| 25:10 | Research | War Galley (upgrade) |
| 25:12 | Research | Tech 905 |
| 25:15 | Research | Town Patrol |
| 25:16 | Research | Hand Cart |
| 25:29 | Build | University |
| 25:42 | Build | Town Center |
| 27:49 | Create | Galley ×5 |
| 27:52 | Create | Galley |
| 28:39 | Build | Barracks |
| 28:40 | Build | Barracks |
| 28:49 | Build | Castle |
| 29:04 | Create | Unit 2626 |
| 29:04 | Create | Unit 2626 |
| 29:09 | Create | Unit 2626 |
| 29:09 | Create | Unit 2626 |
| 29:16 | Research | Gold Shaft Mining |
| 29:19 | Research | Bodkin Arrow |
| 29:20 | Research | Iron Casting |
| 29:20 | Research | Chain Mail Armor |
| 29:20 | Research | Leather Archer Armor |
| 29:21 | Research | Chain Barding Armor |
| 29:27 | Research | Squires |
| 29:27 | Research | Arson |
| 29:28 | Research | Gambesons |
| 29:58 | Research | Careening |
Build order — OhhWaaza
First 150 of 358 actions detected
| 0:14 | Build | House |
| 0:15 | Build | House |
| 0:23 | Create | Villager (Male) ×4 |
| 0:23 | Create | Villager (Male) ×4 |
| 1:56 | Create | Villager (Male) |
| 1:57 | Create | Villager (Male) |
| 1:59 | Create | Villager (Male) |
| 2:50 | Create | Villager (Male) ×2 |
| 3:36 | Create | Villager (Male) ×3 |
| 3:50 | Build | House |
| 3:52 | Build | House |
| 4:15 | Create | Villager (Male) |
| 4:41 | Build | Mill |
| 4:54 | Build | Lumber Camp |
| 5:03 | Create | Villager (Male) ×2 |
| 5:30 | Create | Villager (Male) ×2 |
| 7:06 | Create | Villager (Male) ×5 |
| 7:39 | Build | House |
| 7:49 | Build | Dock |
| 8:46 | Build | Dock |
| 8:53 | Build | Dock |
| 8:57 | Build | Dock |
| 9:19 | Research | Feudal Age |
| 9:21 | Create | Villager (Male) ×3 |
| 9:30 | Create | Fishing Ship |
| 9:46 | Build | Outpost |
| 9:49 | Build | Outpost |
| 9:52 | Build | Outpost |
| 9:56 | Build | Outpost |
| 10:01 | Build | Outpost |
| 10:04 | Build | Outpost |
| 10:07 | Build | Outpost |
| 10:11 | Build | Outpost |
| 10:15 | Build | Outpost |
| 10:19 | Build | Outpost |
| 10:25 | Build | Outpost |
| 10:43 | Create | Villager (Male) ×4 |
| 10:52 | Build | House |
| 10:53 | Build | House |
| 10:54 | Build | House |
| 10:55 | Build | House |
| 11:12 | Create | Fishing Ship |
| 11:29 | Age | Feudal Age |
| 11:59 | Research | Double-Bit Axe |
| 12:02 | Research | Horse Collar |
| 12:18 | Create | Fishing Ship |
| 12:50 | Build | Mining Camp |
| 13:21 | Create | Fishing Ship ×2 |
| 13:50 | Build | Mining Camp |
| 14:05 | Build | Farm |
| 14:12 | Build | Farm |
| 14:14 | Build | Farm |
| 14:15 | Build | Farm |
| 14:17 | Build | Farm |
| 14:21 | Build | Farm |
| 14:30 | Create | Fishing Ship |
| 14:40 | Create | Villager (Male) |
| 14:41 | Create | Villager (Male) |
| 14:41 | Create | Villager (Male) |
| 14:49 | Create | Fishing Ship |
| 15:12 | Create | Fishing Ship ×2 |
| 15:27 | Research | Tech 906 |
| 15:40 | Research | Wheelbarrow |
| 15:48 | Create | Villager (Male) |
| 15:59 | Build | House |
| 16:01 | Build | House |
| 16:04 | Build | House |
| 16:05 | Build | House |
| 16:06 | Build | House |
| 16:08 | Build | House |
| 16:09 | Build | House |
| 16:26 | Build | Dock |
| 16:34 | Build | Dock |
| 16:40 | Build | Dock |
| 16:47 | Build | Dock |
| 17:11 | Create | Fishing Ship ×2 |
| 17:18 | Create | Fishing Ship |
| 17:18 | Create | Fishing Ship |
| 17:47 | Create | Transport Ship |
| 18:01 | Create | Villager (Male) |
| 18:02 | Create | Villager (Male) |
| 18:35 | Build | Market |
| 19:03 | Create | Fishing Ship ×5 |
| 19:23 | Build | Blacksmith |
| 19:31 | Create | Villager (Male) |
| 19:32 | Create | Villager (Male) |
| 20:05 | Build | Lumber Camp |
| 20:22 | Research | Castle Age |
| 20:41 | Create | Villager (Male) ×5 |
| 21:34 | Create | Fishing Ship |
| 21:35 | Create | Fishing Ship |
| 22:23 | Build | Barracks |
| 22:24 | Build | Barracks |
| 22:50 | Build | Barracks |
| 23:00 | Build | House |
| 23:01 | Build | House |
| 23:02 | Build | House |
| 23:02 | Age | Castle Age |
| 23:03 | Build | House |
| 23:07 | Build | Mining Camp |
| 23:09 | Research | Hand Cart |
| 23:23 | Build | Town Center |
| 23:42 | Build | Castle |
| 23:51 | Research | Gold Mining |
| 23:53 | Research | Stone Mining |
| 24:00 | Build | Mining Camp |
| 24:10 | Research | Heavy Plow |
| 24:14 | Research | Bow Saw |
| 24:20 | Create | Villager (Male) |
| 24:21 | Create | Villager (Male) |
| 24:29 | Research | Tech 905 |
| 24:59 | Build | Lumber Camp |
| 25:32 | Build | Town Center |
| 25:49 | Create | Villager (Male) |
| 25:49 | Create | Villager (Male) |
| 25:49 | Create | Villager (Male) |
| 25:50 | Create | Villager (Male) |
| 25:50 | Create | Villager (Male) ×5 |
| 25:51 | Create | Villager (Male) ×5 |
| 25:51 | Create | Villager (Male) |
| 25:57 | Create | Villager (Male) ×5 |
| 26:05 | Research | Gold Shaft Mining |
| 26:07 | Research | Stone Shaft Mining |
| 26:14 | Research | Forging |
| 26:22 | Research | War Galley (upgrade) |
| 26:31 | Build | Farm |
| 27:08 | Build | Lumber Camp |
| 27:15 | Build | Lumber Camp |
| 27:31 | Build | Mining Camp |
| 27:33 | Build | Mining Camp |
| 27:40 | Build | Mining Camp |
| 27:44 | Build | Mining Camp |
| 27:48 | Build | Mining Camp |
| 27:54 | Create | Villager (Male) ×5 |
| 29:29 | Research | Gillnets |
| 30:18 | Create | Trade Cog ×5 |
| 30:20 | Create | Trade Cog ×5 |
| 30:21 | Create | Trade Cog ×5 |
| 30:37 | Create | Villager (Male) ×5 |
| 30:43 | Research | Pikeman (upgrade) |
| 30:43 | Research | Squires |
| 30:44 | Research | Arson |
| 30:46 | Create | Spearman ×5 |
| 30:46 | Create | Spearman ×5 |
| 30:47 | Create | Spearman ×5 |
| 31:21 | Build | Farm |
| 31:21 | Build | Farm |
| 31:23 | Build | Farm |
| 31:35 | Build | Monastery |
| 31:38 | Build | University |
Build order — egin38
First 150 of 298 actions detected
| 0:06 | Research | Loom |
| 0:07 | Research | Loom |
| 0:07 | Create | Villager (Male) |
| 0:07 | Create | Villager (Male) |
| 0:08 | Create | Villager (Male) |
| 0:08 | Create | Villager (Male) |
| 0:08 | Create | Villager (Male) |
| 0:24 | Build | House |
| 0:26 | Build | House |
| 0:30 | Build | House |
| 0:32 | Build | House |
| 1:43 | Create | Villager (Male) |
| 1:43 | Create | Villager (Male) |
| 1:43 | Create | Villager (Male) |
| 2:19 | Create | Villager (Male) |
| 2:19 | Create | Villager (Male) |
| 2:19 | Create | Villager (Male) |
| 3:30 | Build | Dock |
| 3:36 | Create | Villager (Male) |
| 3:36 | Create | Villager (Male) |
| 3:36 | Create | Villager (Male) |
| 3:37 | Create | Villager (Male) |
| 3:37 | Create | Villager (Male) |
| 3:47 | Create | Villager (Male) |
| 3:47 | Create | Villager (Male) |
| 3:48 | Create | Villager (Male) |
| 4:53 | Create | Villager (Male) |
| 4:53 | Create | Villager (Male) |
| 4:53 | Create | Villager (Male) |
| 4:54 | Create | Villager (Male) |
| 4:54 | Create | Villager (Male) |
| 5:02 | Build | Lumber Camp |
| 5:44 | Create | Villager (Male) |
| 5:45 | Create | Villager (Male) |
| 5:45 | Create | Villager (Male) |
| 5:50 | Create | Villager (Male) |
| 5:51 | Create | Villager (Male) |
| 5:51 | Create | Villager (Male) |
| 6:24 | Create | Villager (Male) |
| 6:25 | Create | Villager (Male) |
| 6:25 | Create | Villager (Male) |
| 7:16 | Build | House |
| 7:17 | Build | House |
| 7:19 | Build | House |
| 7:26 | Create | Fishing Ship |
| 7:26 | Create | Fishing Ship |
| 7:26 | Create | Fishing Ship |
| 7:27 | Create | Fishing Ship |
| 7:27 | Create | Fishing Ship |
| 7:52 | Create | Villager (Male) |
| 7:52 | Create | Villager (Male) |
| 7:53 | Create | Villager (Male) |
| 8:17 | Create | Villager (Male) |
| 8:17 | Create | Villager (Male) |
| 8:17 | Create | Villager (Male) |
| 8:34 | Build | House |
| 8:35 | Build | House |
| 9:10 | Create | Villager (Male) |
| 9:10 | Create | Villager (Male) |
| 9:11 | Create | Villager (Male) |
| 9:21 | Build | Lumber Camp |
| 9:34 | Build | Dock |
| 9:38 | Create | Villager (Male) |
| 9:39 | Create | Villager (Male) |
| 9:39 | Create | Villager (Male) |
| 9:56 | Build | Dock |
| 10:02 | Create | Fishing Ship |
| 10:02 | Create | Fishing Ship |
| 10:20 | Create | Villager (Male) |
| 10:20 | Create | Villager (Male) |
| 10:20 | Create | Villager (Male) |
| 10:32 | Create | Villager (Male) |
| 10:33 | Create | Villager (Male) |
| 10:47 | Create | Fishing Ship |
| 10:47 | Create | Fishing Ship |
| 10:47 | Create | Fishing Ship |
| 10:48 | Create | Fishing Ship |
| 10:48 | Create | Fishing Ship |
| 10:49 | Create | Fishing Ship |
| 11:04 | Build | Mining Camp |
| 11:11 | Create | Villager (Male) |
| 11:11 | Create | Villager (Male) |
| 11:11 | Create | Villager (Male) |
| 11:53 | Create | Fishing Ship |
| 11:53 | Create | Fishing Ship |
| 11:58 | Create | Villager (Male) |
| 11:58 | Create | Villager (Male) |
| 11:58 | Create | Villager (Male) |
| 11:59 | Create | Villager (Male) |
| 11:59 | Create | Villager (Male) |
| 12:44 | Build | Mining Camp |
| 12:52 | Create | Fishing Ship |
| 12:52 | Create | Fishing Ship |
| 12:56 | Create | Fishing Ship |
| 12:56 | Create | Fishing Ship |
| 13:17 | Build | House |
| 13:26 | Build | House |
| 13:41 | Build | Mill |
| 13:57 | Create | Fishing Ship |
| 13:57 | Create | Fishing Ship |
| 14:02 | Create | Fishing Ship |
| 14:02 | Create | Fishing Ship |
| 14:08 | Create | Fishing Ship |
| 14:08 | Create | Fishing Ship |
| 14:15 | Research | Feudal Age |
| 15:43 | Create | Fishing Ship |
| 15:47 | Create | Fishing Ship |
| 15:51 | Create | Fishing Ship |
| 15:52 | Create | Fishing Ship |
| 16:11 | Build | House |
| 16:12 | Build | House |
| 16:25 | Age | Feudal Age |
| 16:35 | Research | Wheelbarrow |
| 16:43 | Research | Tech 906 |
| 17:05 | Build | Market |
| 17:11 | Build | Blacksmith |
| 17:14 | Research | Double-Bit Axe |
| 18:20 | Create | Villager (Male) |
| 18:26 | Research | Castle Age |
| 18:26 | Research | Castle Age |
| 18:26 | Research | Castle Age |
| 19:13 | Build | Dock |
| 19:54 | Build | House |
| 19:56 | Build | House |
| 20:13 | Research | Gold Mining |
| 20:13 | Research | Stone Mining |
| 20:37 | Create | Fire Galley |
| 20:38 | Create | Fire Galley |
| 20:38 | Create | Fire Galley |
| 20:40 | Create | Fire Galley |
| 20:40 | Create | Fire Galley |
| 20:41 | Create | Fire Galley |
| 20:41 | Create | Fire Galley |
| 20:59 | Build | House |
| 21:00 | Build | House |
| 21:01 | Build | House |
| 21:25 | Age | Castle Age |
| 21:28 | Research | Hand Cart |
| 22:07 | Create | Transport Ship |
| 22:07 | Create | Transport Ship |
| 22:13 | Research | Gillnets |
| 23:50 | Create | Villager (Male) |
| 23:50 | Create | Villager (Male) |
| 23:51 | Create | Villager (Male) |
| 23:51 | Create | Villager (Male) |
| 24:23 | Create | Fire Galley |
| 24:23 | Create | Fire Galley |
| 24:24 | Create | Fire Galley |
| 24:24 | Create | Fire Galley |
| 24:24 | Create | Fire Galley |
Build order — CanallaVillano
First 150 of 406 actions detected
| 0:05 | Create | Villager (Male) |
| 0:05 | Research | Loom |
| 0:05 | Create | Villager (Male) |
| 0:06 | Create | Villager (Male) |
| 0:06 | Create | Villager (Male) |
| 0:06 | Create | Villager (Male) |
| 0:44 | Build | House |
| 0:48 | Build | House |
| 1:35 | Build | House |
| 1:37 | Build | House |
| 2:10 | Build | House |
| 2:13 | Build | House |
| 2:26 | Create | Villager (Male) |
| 2:26 | Create | Villager (Male) |
| 3:42 | Create | Villager (Male) |
| 3:43 | Create | Villager (Male) |
| 3:43 | Create | Villager (Male) |
| 3:43 | Create | Villager (Male) |
| 3:44 | Create | Villager (Male) |
| 4:51 | Build | Mill |
| 5:32 | Create | Villager (Male) |
| 5:33 | Create | Villager (Male) |
| 5:33 | Create | Villager (Male) |
| 5:34 | Create | Villager (Male) |
| 5:34 | Create | Villager (Male) |
| 5:34 | Create | Villager (Male) |
| 6:01 | Create | Villager (Male) |
| 6:01 | Create | Villager (Male) |
| 6:43 | Create | Villager (Male) |
| 8:13 | Create | Villager (Male) |
| 8:14 | Create | Villager (Male) |
| 8:14 | Create | Villager (Male) |
| 8:51 | Build | Dock |
| 9:24 | Build | Mining Camp |
| 10:06 | Research | Feudal Age |
| 10:20 | Build | Mining Camp |
| 11:10 | Build | House |
| 11:13 | Build | House |
| 11:23 | Build | House |
| 11:26 | Build | House |
| 11:32 | Build | House |
| 11:55 | Create | Villager (Male) |
| 11:56 | Create | Villager (Male) |
| 11:58 | Create | Villager (Male) |
| 12:16 | Age | Feudal Age |
| 12:30 | Build | Lumber Camp |
| 12:48 | Create | Villager (Male) |
| 12:49 | Create | Villager (Male) |
| 13:34 | Research | Horse Collar |
| 13:42 | Create | Villager (Male) |
| 13:44 | Create | Villager (Male) |
| 13:58 | Build | House |
| 14:04 | Build | House |
| 14:16 | Build | Farm |
| 14:40 | Build | Farm |
| 14:48 | Build | Farm |
| 15:00 | Build | Farm |
| 15:07 | Build | Farm |
| 15:43 | Build | Farm |
| 15:49 | Build | Farm |
| 16:09 | Research | Wheelbarrow |
| 16:41 | Build | Barracks |
| 16:48 | Create | Villager (Male) |
| 16:49 | Create | Villager (Male) |
| 17:33 | Create | Transport Ship |
| 17:42 | Build | Farm |
| 17:47 | Build | Farm |
| 18:00 | Build | Farm |
| 18:18 | Build | Farm |
| 18:32 | Build | Farm |
| 18:38 | Research | Double-Bit Axe |
| 19:32 | Build | Blacksmith |
| 19:39 | Create | Villager (Male) |
| 19:39 | Create | Villager (Male) |
| 20:19 | Create | Villager (Male) |
| 20:36 | Create | Villager (Male) |
| 21:09 | Create | Villager (Male) |
| 21:09 | Create | Villager (Male) |
| 21:20 | Build | Archery Range |
| 21:48 | Build | Farm |
| 21:50 | Create | Villager (Male) |
| 22:25 | Build | Farm |
| 22:27 | Create | Villager (Male) |
| 22:33 | Research | Castle Age |
| 22:37 | Research | Castle Age |
| 22:58 | Build | House |
| 22:59 | Build | House |
| 24:20 | Create | Villager (Male) |
| 24:21 | Create | Villager (Male) |
| 24:21 | Create | Villager (Male) |
| 24:22 | Create | Villager (Male) |
| 24:24 | Create | Villager (Male) |
| 24:51 | Research | Fletching |
| 24:52 | Research | Forging |
| 24:53 | Research | Scale Mail Armor |
| 25:39 | Age | Castle Age |
| 26:02 | Research | Squires |
| 26:07 | Research | Bodkin Arrow |
| 27:28 | Create | Villager (Male) |
| 27:29 | Create | Villager (Male) |
| 27:29 | Create | Villager (Male) |
| 27:29 | Create | Villager (Male) |
| 27:45 | Build | Monastery |
| 28:37 | Build | Farm |
| 28:44 | Create | Villager (Male) |
| 28:44 | Create | Villager (Male) |
| 28:44 | Create | Villager (Male) |
| 28:56 | Research | Town Watch |
| 29:01 | Create | Villager (Male) |
| 29:01 | Create | Villager (Male) |
| 29:01 | Create | Villager (Male) |
| 29:02 | Create | Villager (Male) |
| 29:24 | Build | Outpost |
| 29:50 | Build | Castle |
| 30:16 | Build | University |
| 30:48 | Build | Mining Camp |
| 31:39 | Create | Teutonic Knight |
| 31:39 | Create | Teutonic Knight |
| 31:40 | Create | Teutonic Knight |
| 31:40 | Create | Teutonic Knight |
| 31:40 | Create | Teutonic Knight |
| 31:41 | Create | Teutonic Knight |
| 31:41 | Create | Teutonic Knight |
| 31:42 | Create | Teutonic Knight |
| 31:43 | Create | Teutonic Knight |
| 31:43 | Create | Teutonic Knight |
| 31:43 | Create | Teutonic Knight |
| 31:44 | Create | Teutonic Knight |
| 31:44 | Create | Teutonic Knight |
| 31:45 | Create | Teutonic Knight |
| 31:45 | Create | Teutonic Knight |
| 31:45 | Create | Teutonic Knight |
| 32:38 | Research | Ballistics |
| 32:39 | Research | Fortified Wall (upgrade) |
| 32:41 | Research | Masonry |
| 32:50 | Build | House |
| 32:52 | Build | House |
| 32:53 | Build | House |
| 32:55 | Build | House |
| 32:57 | Build | House |
| 32:59 | Build | House |
| 33:01 | Build | House |
| 33:06 | Create | Villager (Male) |
| 33:07 | Create | Villager (Male) |
| 33:07 | Create | Villager (Male) |
| 33:08 | Create | Villager (Male) |
| 34:12 | Build | Farm |
| 34:16 | Build | Farm |
| 36:01 | Create | Teutonic Knight |
| 36:02 | Create | Teutonic Knight |
Match timeline
| 3:30 | egin38 · first_building Dock |
| 5:54 | dark fader · first_building Dock |
| 7:15 | DULERTREE · first_building Dock |
| 7:49 | OhhWaaza · first_building Dock |
| 7:49 | The Lions Brood · first_building Dock |
| 8:51 | CanallaVillano · first_building Dock |
| 10:36 | dark fader · age_up feudal |
| 11:20 | DULERTREE · age_up feudal |
| 11:29 | OhhWaaza · age_up feudal |
| 12:16 | CanallaVillano · age_up feudal |
| 12:41 | The Lions Brood · age_up feudal |
| 13:24 | The Lions Brood · wall_segment Stone Wall x15 |
| 15:05 | The Lions Brood · wall_segment Stone Wall x9 |
| 15:42 | DULERTREE · first_building Barracks |
| 16:20 | The Lions Brood · wall_segment Stone Wall x8 |
| 16:25 | egin38 · age_up feudal |
| 16:39 | DULERTREE · first_market_buy 100 food |
| 16:41 | CanallaVillano · first_building Barracks |
| 16:42 | DULERTREE · first_market_sell 100 wood |
| 16:43 | The Lions Brood · wall_segment Stone Wall x3 |
| 17:55 | The Lions Brood · wall_segment Stone Wall x8 |
| 18:20 | The Lions Brood · wall_segment Stone Wall x1 |
| 19:44 | The Lions Brood · wall_segment Stone Wall x11 |
| 20:02 | DULERTREE · age_up castle |
| 21:20 | CanallaVillano · first_building Archery Range |
| 21:25 | egin38 · age_up castle |
| 22:23 | OhhWaaza · first_building Barracks |
| 22:56 | The Lions Brood · age_up castle |
| 23:02 | OhhWaaza · age_up castle |
| 23:42 | OhhWaaza · first_building Castle |
| 24:44 | dark fader · age_up castle |
| 25:10 | DULERTREE · first_building Castle |
| 25:39 | CanallaVillano · age_up castle |
| 25:47 | DULERTREE · first_building Monastery |
| 25:51 | egin38 · first_building Castle |
| 25:59 | egin38 · wall_segment Stone Wall x1 |
| 26:19 | egin38 · wall_segment Stone Wall x1 |
| 27:15 | DULERTREE · first_building Siege Workshop |
| 27:45 | CanallaVillano · first_building Monastery |
| 28:39 | dark fader · first_building Barracks |
| 28:49 | dark fader · first_building Castle |
| 29:50 | CanallaVillano · first_building Castle |
| 30:34 | The Lions Brood · first_building Castle |
| 30:55 | The Lions Brood · first_building Siege Workshop |
| 31:35 | OhhWaaza · first_building Monastery |
| 33:26 | egin38 · age_up imperial |
| 34:27 | dark fader · first_building Siege Workshop |
| 35:34 | The Lions Brood · age_up imperial |
| 36:25 | DULERTREE · age_up imperial |
| 36:54 | OhhWaaza · age_up imperial |
| 37:26 | The Lions Brood · wall_segment Stone Wall x3 |
| 37:27 | egin38 · first_building Siege Workshop |
| 39:02 | egin38 · first_market_sell 100 food |
| 39:32 | OhhWaaza · first_building Siege Workshop |
| 40:04 | DULERTREE · first_building Archery Range |
| 40:10 | CanallaVillano · age_up imperial |
| 41:36 | DULERTREE · wall_segment Stone Wall x1 |
| 42:51 | dark fader · age_up imperial |
| 45:19 | The Lions Brood · first_building Barracks |
| 48:49 | dark fader · first_market_buy 100 stone |
| 50:49 | The Lions Brood · first_building Archery Range |
| 53:34 | dark fader · first_market_sell 500 food |
| 54:21 | DULERTREE · wall_segment Stone Wall x7 |
| 55:18 | egin38 · first_building Barracks |
| 57:27 | egin38 · first_market_buy 100 food |
| 57:48 | egin38 · first_building Stable |
| 70:01 | CanallaVillano · first_building Siege Workshop |
| 70:23 | DULERTREE · resign |
[ AI ANALYSIS · 1 CREDIT ]
What really happened in this match?
Wolo.gg analyzes every decision: build order, eco, micro, common mistakes by bracket. Personalized analysis on WhatsApp or Discord in 30 seconds.
Civ guide
Vikings
Perfil
Jugador #8176799